[Event "Satka Autumn 2018"]
[Site "Satka"]
[Date "2018.09.11"]
[Round "1"]
[White "Nosacheva, Mariya"]
[Black "Mysova, Svetlana"]
[Result "1-0"]
[ECO "B01"]
[WhiteElo "2073"]
[BlackElo "1017"]
[Annotator "NA"]
[PlyCount "23"]
[EventDate "2018.09.11"]
[EventType "swiss"]
[EventCountry "RUS"]
[SourceTitle "playchess.com"]
[Source "ChessBase"]
[SourceQuality "1"]
[TimeControl "40/5400+30:1800+30"]

1. e4 d5 2. exd5 Qxd5 3. Nc3 Qa5 4. Nf3 Nf6 5. d4 c6 6. Ne5 {[%emt 0:13:33] LiveBook: 241 Partien} e6 7. Nc4 Qd8 8. Bf4 b5 9. Ne5 Bd6 10. Qf3 Nbd7 $2 (10... O-O $16) 11. Nxc6 Qc7 12. Nxb5 $18 1-0

[Event "Satka Autumn 2018"]
[Site "Satka"]
[Date "2018.09.11"]
[Round "1"]
[White "Kilina, Elizaveta"]
[Black "Semenova, Elena"]
[Result "0-1"]
[ECO "B38"]
[WhiteElo "1226"]
[BlackElo "2219"]
[Annotator "ChessBase"]
[PlyCount "58"]
[EventDate "2018.09.11"]
[EventType "swiss"]
[EventCountry "RUS"]
[SourceTitle "playchess.com"]
[Source "ChessBase"]
[SourceQuality "1"]
[TimeControl "40/5400+30:1800+30"]

1. e4 c5 2. Nf3 g6 3. d4 cxd4 4. Nxd4 Bg7 5. c4 Nc6 6. Be3 Nf6 7. Nc3 Qa5 8. f3 d6 9. Be2 O-O 10. O-O Bd7 11. Nb3 Qd8 12. Qd2 Be6 13. Nd5 Nd7 14. Bh6 Bxh6 15. Qxh6 a5 16. Qd2 a4 17. Nc1 Qa5 18. Qxa5 Rxa5 19. b4 axb3 20. Nxb3 Ra3 21. Nc7 Nc5 22. Nb5 Nxb3 23. Nxa3 Nxa1 24. Rxa1 Nd4 25. Bd3 Ra8 26. Nc2 Nxc2 27. Bxc2 Bxc4 28. a4 Rc8 29. Kf2 Ba6 0-1

[Event "Satka Autumn 2018"]
[Site "Satka"]
[Date "2018.09.11"]
[Round "1"]
[White "Shafikova, Irina"]
[Black "Mukhina, Jana"]
[Result "0-1"]
[ECO "C48"]
[WhiteElo "1008"]
[BlackElo "2072"]
[Annotator "NA RC"]
[PlyCount "30"]
[EventDate "2018.09.11"]
[EventType "swiss"]
[EventCountry "RUS"]
[SourceTitle "playchess.com"]
[Source "ChessBase"]
[SourceQuality "1"]
[TimeControl "40/5400+30:1800+30"]

1. e4 e5 2. Nf3 Nc6 3. Nc3 Nf6 4. Bb5 Nd4 5. d3 Bb4 6. Bc4 d5 7. Bxd5 ({Better is} 7. exd5 $15 b5 8. Bb3 (8. Nxd4 exd4 9. Bxb5+ Kf8 $17)) 7... Nxd5 8. exd5 {[%emt 0:00:53] [#]} Bg4 $1 9. Bd2 Bxc3 10. bxc3 Nxf3+ 11. gxf3 Qxd5 12. Rg1 Bxf3 13. Qb1 $19 Bh5 14. Rg3 Qh1+ 15. Rg1 Qxg1# 0-1

[Event "Satka Autumn 2018"]
[Site "Satka"]
[Date "2018.09.13"]
[Round "3"]
[White "Charochkina, Daria"]
[Black "Sosnina, Nadezhda"]
[Result "1-0"]
[ECO "A55"]
[WhiteElo "2336"]
[BlackElo "1659"]
[Annotator "NA"]
[PlyCount "73"]
[EventDate "2018.09.11"]
[EventType "swiss"]
[EventCountry "RUS"]
[SourceTitle "playchess.com"]
[Source "ChessBase"]
[SourceQuality "1"]
[TimeControl "40/5400+30:1800+30"]

1. d4 Nf6 2. c4 d6 3. Nc3 e5 4. Nf3 Nbd7 5. e4 g6 6. g3 Bg7 7. Bg2 O-O 8. O-O exd4 9. Nxd4 ({Of course not} 9. Qxd4 Re8 $15) 9... Re8 10. h3 Nc5 11. Re1 a5 12. Rb1 c6 13. b3 Nfd7 {[%emt 0:17:45] LiveBook: 89 Games} 14. f4 {[%emt 0:12:27] [#] E69: King's Indian: Fianchetto: 6...Nbd7 7 0-0 e5 8 e4 c6 9 h3} (14. Be3 $14 Ne5 15. Re2 Qe7 16. Qc2 a4 17. f4 axb3 18. axb3 Ned7 19. Bf2 h5 20. b4 Ne6 21. Nxe6 Qxe6 22. Na4 Qf6 23. Be3 {½-½ (43) Markus,R (2630)-Toth,E (2449) Hungary 2018}) 14... Qb6 (14... f5 $1 $11 ) 15. Be3 Qb4 $146 (15... h6 $16) ({Predecessor:} 15... h5 16. a3 Qa6 17. Ncb5 cxb5 18. Nxb5 Ne6 19. f5 Ndf8 20. fxe6 Nxe6 21. Qxd6 {0-1 (50) Gruen,G (2375)-Schaefer,M (2435) Germany 1992}) 16. Qd2 Nf6 (16... Bxd4 $16 {ist wohl besser.} 17. Qxd4 (17. Bxd4 a4 $14) 17... a4) 17. Nc2 Nfxe4 18. Nxe4 Nxe4 19. Bxe4 ({Worse is} 19. Nxb4 Nxd2 20. Bxd2 Bf5 $11) 19... Qxd2 20. Bxd2 Bxh3 21. Bd3 Bg4 22. Rxe8+ Rxe8 23. Bxa5 Be2 (23... Ra8 {keeps fighting.}) 24. Re1 Ra8 25. Rxe2 Rxa5 26. a4 (26. Re8+ $142 Bf8 27. a3) 26... Ra8 27. Re7 Rb8 28. Rd7 Bf8 29. Kf2 Kg7 30. Nd4 Kf6 31. g4 h6 $18 32. g5+ hxg5 33. fxg5+ Ke5 34. Ke3 c5 35. Nf3+ Ke6 36. Rc7 Be7 37. Be4 {[%emt 0:00:07] Kd5} 1-0

[Event "Satka Autumn 2018"]
[Site "Satka"]
[Date "2018.09.13"]
[Round "3"]
[White "Schepetkova, Margarita"]
[Black "Trapeznikova, Darya"]
[Result "1-0"]
[ECO "D30"]
[WhiteElo "2238"]
[BlackElo "2107"]
[Annotator "NA"]
[PlyCount "187"]
[EventDate "2018.09.11"]
[EventType "swiss"]
[EventCountry "RUS"]
[SourceTitle "playchess.com"]
[Source "ChessBase"]
[SourceQuality "1"]
[TimeControl "40/5400+30:1800+30"]

1. d4 d5 2. c4 e6 3. g3 c6 4. Bg2 dxc4 5. Nf3 b5 {[%emt 0:00:31] LiveBook: 232 Games} 6. O-O Bb7 7. Ne5 {[%emt 0:02:05] D30: Damengambit (ohne Sc3)} Nf6 8. a4 Qc8 9. b3 cxb3 10. Qxb3 b4 11. Nd3 $146 ({Vorgänger:} 11. Nd2 c5 12. Bb2 Bxg2 13. Kxg2 Qb7+ 14. Qf3 Qxf3+ 15. Ndxf3 Nbd7 16. a5 Nxe5 17. Nxe5 Nd7 18. dxc5 f6 19. Nc6 Nxc5 20. Rfd1 a6 21. Rab1 Nb7 {½-½ (21) Kraai,J (2526)-Khenkin,I (2613) Bad Wiessee 2009}) 11... a5 12. Bg5 Be7 13. Nd2 Nbd7 14. Rfc1 h6 15. Bxf6 Bxf6 16. Ne4 Be7 17. Nec5 Nxc5 18. Nxc5 Bxc5 19. Rxc5 Qd7 20. e3 O-O 21. Rac1 Rfc8 22. h3 Qe8 23. g4 Qd7 24. Be4 Qd6 25. Qd1 Ra6 26. Qf3 Re8 27. Bd3 Rb6 28. g5 e5 (28... hxg5 $11 {hält das Gleichgewicht.} 29. Qh5 e5) 29. Qe4 g6 {[%emt 0:03:21] [#]} (29... Qg6 $1 $14 30. Qxg6 fxg6) 30. dxe5 (30. Bc4 $1 $16 Kf8 31. Rxe5 (31. gxh6 exd4 32. Qf3 Re7 $16) 31... Rxe5 32. dxe5) 30... Qe7 31. gxh6 Qg5+ 32. Kh2 (32. Qg4 $5 Qxh6 33. e6 Rxe6 34. Bc4 $16) 32... Qxh6 33. Rg1 Bc8 34. Rg3 b3 35. Rxa5 Be6 {[%emt 0:02:12] [#]} 36. Qd4 $2 (36. Ra7 $1 $16 {keeps the pressure on.}) 36... Reb8 {[%emt 0:00:38] [#]} 37. Qd6 (37. Ra7 $1 $16) 37... c5 38. Qxc5 b2 39. Bb1 Qh4 40. Qc2 (40. Ra8 $11 {remains equal.} Bxh3 41. Qd4 Qxd4 42. Rxb8+ Rxb8 43. exd4) 40... Kh7 41. Ra7 R6b7 42. Rxb7 Rxb7 43. a5 Qc4 44. Qxc4 Bxc4 45. Rg4 Ba6 46. e6 f5 {[%emt 0:01:20] [#]} 47. Rd4 $1 Kg7 48. Rd6 Bb5 49. Rd2 Ra7 (49... Bc6 $16 {is a better defense.} 50. a6 Ra7 51. Rxb2 Rxa6) 50. Rxb2 Rxa5 51. Kg3 Kf6 (51... Bc4 $142 52. Rb7+ Kf6) 52. Ba2 (52. Ra2 $18 Rxa2 53. Bxa2) 52... Ba6 53. Rc2 Bd3 54. Rd2 Ba6 55. Bb3 Ra3 56. Rd6 Bb5 57. Bd1 Bc4 58. e7+ Kxe7 59. Rxg6 Ra1 60. Bf3 Rg1+ 61. Bg2 Kf7 62. Rg5 Kf6 63. h4 Rc1 64. Bf3 Bf7 65. Bh5 Bxh5 66. Rxh5 Rg1+ 67. Kh2 Rg4 68. f3 Ra4 69. Kg3 Rb4 70. Rh6+ Kg7 71. Rd6 f4+ 72. exf4 Rb5 73. Ra6 Rc5 74. Kg4 Rc1 75. f5 Rg1+ 76. Kf4 Rh1 77. Rg6+ Kh7 78. Kg5 Rg1+ 79. Kf6 Rf1 80. Rg3 Ra1 81. Kg5 Ra5 82. Rg4 Rb5 83. Rc4 Rb1 84. Rc7+ Kh8 85. f6 Kg8 86. h5 Rg1+ 87. Kf5 Rf1 88. f7+ Kf8 89. Ke6 Rxf3 90. Rc8+ Kg7 91. f8=Q+ Rxf8 92. h6+ Kg8 93. h7+ Kg7 94. Rxf8 1-0

[Event "Satka Autumn 2018"]
[Site "Satka"]
[Date "2018.09.13"]
[Round "3"]
[White "Semenova, Elena"]
[Black "Makarenko, Alexandra"]
[Result "1-0"]
[ECO "C50"]
[WhiteElo "2219"]
[BlackElo "2247"]
[Annotator "NA"]
[PlyCount "61"]
[EventDate "2018.09.11"]
[EventType "swiss"]
[EventCountry "RUS"]
[SourceTitle "playchess.com"]
[Source "ChessBase"]
[SourceQuality "1"]
[TimeControl "40/5400+30:1800+30"]

1. e4 e5 2. Nf3 Nc6 3. Bc4 Nf6 4. d3 Bc5 5. Nc3 a6 {[%emt 0:02:07] LiveBook: 67 Games} 6. h3 d6 7. O-O {[%emt 0:03:25] C50: Italienische Partie} (7. a4 Be6 8. O-O h6 9. Nd5 Bxd5 10. exd5 Ne7 11. d4 exd4 12. Nxd4 O-O 13. b4 Bxb4 14. Bb2 Re8 {1-0 (33) Mrkonjic,N (2353)-Dabo Peranic,R (2332) Sibenik 2016}) 7... b5 8. Bb3 Bb7 $146 ({Vorgänger:} 8... Na5 9. Bg5 Nxb3 10. axb3 h6 11. Bh4 g5 12. Bg3 g4 13. hxg4 Bxg4 {0-1 (39) Cabreja Lora,S (1535)-Joaquin Salcedo,C (1753) Santo Domingo 2015}) 9. a4 Nd4 10. Nxd4 exd4 11. Ne2 d5 (11... O-O $142) 12. e5 Nd7 13. c3 dxc3 14. bxc3 O-O 15. d4 Be7 16. axb5 axb5 17. Rxa8 Qxa8 18. Ng3 g6 19. Bc2 Re8 {[%emt 0:05:13] [#]} 20. Bh6 (20. f4 $1 $18 {is the precise move to win.}) 20... b4 21. f4 bxc3 22. f5 Bf8 23. Bxf8 Rxf8 24. Qg4 Qe8 25. f6 $18 Kh8 26. Nf5 Qe6 27. Qh4 Ba6 28. Rf4 Nxe5 29. Qh6 Rg8 30. Qxh7+ Kxh7 31. Rh4# 1-0

[Event "Satka Autumn 2018"]
[Site "Satka"]
[Date "2018.09.13"]
[Round "3"]
[White "Nosacheva, Mariya"]
[Black "Matsenko, Elena"]
[Result "1-0"]
[ECO "B48"]
[WhiteElo "2073"]
[BlackElo "1854"]
[Annotator "NA"]
[PlyCount "59"]
[EventDate "2018.09.11"]
[EventType "swiss"]
[EventCountry "RUS"]
[SourceTitle "playchess.com"]
[Source "ChessBase"]
[SourceQuality "1"]
[TimeControl "40/5400+30:1800+30"]

1. e4 c5 2. Nf3 Nc6 3. d4 cxd4 4. Nxd4 Qc7 5. Nc3 e6 $1 6. Be3 a6 7. Qd2 Nf6 8. O-O-O Bb4 9. f3 b5 {[%emt 0:01:14] LiveBook: 58 Games B48: Sicilian: Taimanov: 5 Nc3 Qc7 6 Be3 a6 without Be2} (9... O-O 10. g4 b5 11. g5 Nh5 12. Kb1 Rb8 13. Nxc6 dxc6 14. f4 c5 15. Be2 g6 16. Bxh5 gxh5 17. f5 {1-0 (27) Saric,I (2657)-Bosiocic,M (2611) Batumi 2018}) 10. a3 Be7 11. Nb3 Bb7 12. g4 d6 13. g5 Nd7 14. Kb1 $146 ({Predecessor:} 14. h4 Nce5 15. Qf2 Nc4 16. Bxc4 bxc4 {1-0 (45) Croad,N-Ginzburg,M (2276) Yerevan 2000}) 14... Nde5 (14... O-O $14) 15. Qf2 Bd8 {[%emt 0:05:02] [#]} (15... Bc8 $16) 16. Bxb5 $1 O-O ({Schlechter ist} 16... axb5 17. Nxb5 Qb8 18. Nxd6+ Kf8 19. Bc5 $16) 17. Be2 Rc8 18. f4 Nd7 19. Rhg1 Ne7 (19... Na5 {was necessary.} 20. Nxa5 Qxa5 21. Rxd6 Nc5) 20. Bd3 f5 21. gxf6 Nxf6 22. Nd4 Qd7 23. Qg3 Rf7 24. e5 Nfd5 25. Nxd5 Nxd5 (25... Bxd5 $142 26. Qh3 (26. Bxa6 Rb8 $18) 26... g6) 26. Qh3 g6 {[%emt 0:00:51] [#]} 27. Bxg6 $18 hxg6 28. Rxg6+ Rg7 29. Rdg1 Nxe3 30. Nxe6 1-0

[Event "Satka Autumn 2018"]
[Site "Satka"]
[Date "2018.09.13"]
[Round "3"]
[White "Filippova, Darya"]
[Black "Mukhina, Jana"]
[Result "1-0"]
[ECO "A46"]
[WhiteElo "2061"]
[BlackElo "2072"]
[Annotator "NA"]
[PlyCount "97"]
[EventDate "2018.09.11"]
[EventType "swiss"]
[EventCountry "RUS"]
[SourceTitle "playchess.com"]
[Source "ChessBase"]
[SourceQuality "1"]
[TimeControl "40/5400+30:1800+30"]

1. Nf3 Nf6 2. d4 e6 3. Bg5 d5 4. Nbd2 c5 5. e3 Nc6 6. c3 h6 7. Bh4 Be7 8. Be2 b6 9. O-O O-O 10. Ne5 $146 {[%emt 0:05:05] D02: 1 d4 d5 2 Nf3 sidelines, including 2...Nf6 3 g3 and 2...Nf6 3 Bf4} ({Predecessor:} 10. Re1 Bb7 11. Qa4 a6 12. Bf1 b5 13. Qd1 Rc8 14. Nb3 Ne4 15. Bxe7 Qxe7 16. dxc5 {½-½ (16) Bussard,C (2125)-Sundorf,J (2102) Germany 2015}) 10... Nxe5 11. dxe5 Ne4 12. Bxe7 Qxe7 13. f4 (13. Nxe4 $14 dxe4 14. Qa4) 13... Nxd2 14. Qxd2 Bb7 15. Bd3 f6 16. exf6 Qxf6 17. Bc2 Rad8 18. Qd3 Qf5 19. Qxf5 exf5 20. Rad1 g6 21. Bb3 Kg7 22. Rd2 Rfe8 23. Kf2 Re7 24. Rfd1 Rde8 25. Ba4 Rf8 26. Bb3 c4 27. Ba4 a6 28. Re1 Kf6 29. Bd1 Rfe8 30. Bf3 Rd8 31. Red1 Rde8 32. Re2 Ke6 33. Red2 Kf6 34. Re2 Ke6 35. g4 Rd7 (35... fxg4 $11 {bleibt in der Remisbreite.} 36. Bxg4+ Kd6) 36. Red2 Red8 37. h4 Bc6 38. Rg1 Rd6 39. h5 gxh5 40. gxf5+ Kxf5 41. Bxh5 Be8 42. Rh1 Bc6 43. Bd1 Rf6 44. Rh5+ Kg6 $16 45. Re5 Rfd6 46. Kf1 Rg8 47. Re7 Bd7 48. Rg2+ Kf6 49. Rxd7 1-0

[Event "Satka Autumn 2018"]
[Site "Satka"]
[Date "2018.09.13"]
[Round "3"]
[White "Sosnina, Ekaterina"]
[Black "Skobochkina, Maria"]
[Result "1-0"]
[ECO "C63"]
[WhiteElo "1955"]
[BlackElo "1294"]
[Annotator "NA"]
[PlyCount "80"]
[EventDate "2018.09.11"]
[EventType "swiss"]
[EventCountry "RUS"]
[SourceTitle "playchess.com"]
[Source "ChessBase"]
[SourceQuality "1"]
[TimeControl "40/5400+30:1800+30"]

1. e4 e5 2. Nf3 Nc6 3. Bb5 f5 4. Nc3 Nf6 5. exf5 Be7 {[%emt 0:01:47] C63: Ruy Lopez: Schliemann/Jaenisch Defence} (5... e4 6. Ng5 d5 7. Ne6 Bxe6 8. fxe6 Qd6 9. d3 Qxe6 10. dxe4 dxe4 11. Bg5 Be7 12. Bxf6 Bxf6 13. Qh5+ g6 {½-½ (59) Adams,M (2699)-Sokolov,I (2655) London 2009}) 6. O-O {[%emt 0:04:23] LiveBook: 3 Games} O-O 7. d4 $146 ({Predecessor:} 7. Re1 d6 8. Bxc6 bxc6 9. d4 e4 10. Nxe4 Nxe4 11. Rxe4 Bxf5 12. Re3 Qd7 13. Bd2 {½-½ (34) Stefansson,H (2574)-Asauskas,H (2320) Kemer 2007}) 7... e4 8. Ne5 a6 9. Ba4 (9. Bxc6 $16 dxc6 10. g4) 9... Nb4 $2 (9... Na5 $1 $14) 10. Re1 d6 11. Bb3+ d5 12. a3 Nc6 13. Nxe4 (13. g4 $18 Kh8 14. Bg5) 13... Bxf5 (13... Nxe4 $16 {was worth a try.} 14. Rxe4 Bxf5) 14. Nxf6+ (14. Ng3 $18 Bc8 15. h3) 14... Bxf6 15. Qf3 ({White should play} 15. c3 $16) 15... Nxd4 16. Qxd5+ Qxd5 17. Bxd5+ Be6 (17... Kh8 $11 {remains equal.} 18. Bb3 (18. Bxb7 Rab8 $17) 18... Bxc2 19. Nf7+ Kg8 20. Nh6+ Kh8 21. Nf7+ Kg8 22. Nh6+ Kh8 23. Nf7+) 18. Bxe6+ ({And not} 18. Bxb7 Nxc2 19. Bxa8 Nxe1 $17) 18... Nxe6 19. Nd7 Rfe8 ({Black should play} 19... Nd4 $14) 20. Nxf6+ gxf6 21. Be3 Rad8 22. Rad1 Ng7 23. Kf1 Nf5 24. Bf4 c6 25. Bc7 Rxe1+ 26. Kxe1 Rxd1+ 27. Kxd1 Nh4 28. g3 Nf3 29. Ke2 Nd4+ 30. Kd3 Ne6 31. Bd6 Kf7 32. f4 Kg6 (32... f5 $16 {was necessary.} 33. c4 c5) 33. Ke4 Ng7 $18 34. Bf8 Ne8 35. g4 Nc7 36. c4 Kf7 37. Bd6 Ne6 38. h4 h6 39. f5 Ng7 40. Bf4 Ke8 1-0

[Event "Satka Autumn 2018"]
[Site "Satka"]
[Date "2018.09.13"]
[Round "3"]
[White "Mikheeva, Galina"]
[Black "Barsukova, Kira"]
[Result "1-0"]
[ECO "B23"]
[WhiteElo "1767"]
[BlackElo "1119"]
[Annotator "NA"]
[PlyCount "85"]
[EventDate "2018.09.11"]
[EventType "swiss"]
[EventCountry "RUS"]
[SourceTitle "playchess.com"]
[Source "ChessBase"]
[SourceQuality "1"]
[TimeControl "40/5400+30:1800+30"]

1. e4 c5 2. Nc3 d6 3. g3 Nf6 4. Bg2 Nc6 5. d3 e6 6. f4 g6 7. Nf3 Bg7 8. O-O O-O 9. h3 Re8 10. Be3 e5 11. fxe5 Nxe5 12. Nxe5 dxe5 13. Bxc5 Nh5 14. Qf3 Qf6 15. Qxf6 Bxf6 16. Nd5 Bd8 17. Kh2 Be6 18. c3 b6 19. Be3 Rc8 20. g4 Bxd5 21. exd5 Nf4 22. Bxf4 exf4 23. Be4 g5 24. Kg2 Bc7 25. Kf3 Re7 26. Rh1 Rce8 27. h4 f6 28. hxg5 fxg5 29. Rh6 Rd7 30. Rah1 Ree7 31. R1h5 Rg7 32. Re6 Rde7 33. Rxe7 Rxe7 34. Rxg5+ Rg7 35. Rh5 Bb8 36. Rh6 Rd7 37. Rc6 Kg7 38. a4 Rc7 39. Re6 Rd7 40. d4 Bc7 41. c4 Bd6 42. Bf5 Rd8 43. g5 1-0

[Event "Satka Autumn 2018"]
[Site "Satka"]
[Date "2018.09.13"]
[Round "3"]
[White "Svetlova, Ksenia"]
[Black "Kargina, Diana"]
[Result "1-0"]
[ECO "C42"]
[WhiteElo "1696"]
[BlackElo "1093"]
[Annotator "NA RC"]
[PlyCount "55"]
[EventDate "2018.09.11"]
[EventType "swiss"]
[EventCountry "RUS"]
[SourceTitle "playchess.com"]
[Source "ChessBase"]
[SourceQuality "1"]
[TimeControl "40/5400+30:1800+30"]

1. e4 e5 2. Nf3 Nf6 3. Nxe5 d6 4. Nf3 Nxe4 5. Nc3 Nf6 6. d4 Bg4 7. h3 Bh5 8. Be3 Nc6 9. Be2 Be7 10. Qd2 Bg6 11. a3 Qd7 12. d5 Nb8 13. O-O c6 14. Bd3 cxd5 15. Bxg6 hxg6 16. Nxd5 Nc6 17. Rfe1 Nxd5 18. Qxd5 Rh5 19. Bg5 Rc8 20. Rad1 Kf8 21. Bxe7+ Nxe7 22. Qxd6 Qxd6 23. Rxd6 f6 24. Rd7 Ng8 25. Rxb7 Rxc2 26. Nd4 Rc4 27. Ne6+ Ke8 28. Nxg7+ 1-0

[Event "Satka Autumn 2018"]
[Site "Satka"]
[Date "2018.09.13"]
[Round "3"]
[White "Kilina, Elizaveta"]
[Black "Mironenko, Galina"]
[Result "0-1"]
[ECO "B06"]
[WhiteElo "1226"]
[BlackElo "2021"]
[Annotator "NA"]
[PlyCount "56"]
[EventDate "2018.09.11"]
[EventType "swiss"]
[EventCountry "RUS"]
[SourceTitle "playchess.com"]
[Source "ChessBase"]
[SourceQuality "1"]
[TimeControl "40/5400+30:1800+30"]

1. e4 g6 2. d4 Bg7 3. Nc3 d6 4. Nf3 a6 5. Bd3 b5 {[%emt 0:00:35] LiveBook: 20 Games} 6. Be3 Nd7 {[%emt 0:01:21] B06: Moderne Verteidigung} 7. O-O (7. e5 e6 8. Ne4 d5 9. Ng3 c5 10. c3 Ne7 11. Qe2 Nc6 12. Qd2 c4 13. Bc2 a5 14. Bh6 {0-1 (34) So,W (2815)-Carlsen,M (2832) chess.com INT 2017}) 7... Bb7 8. b4 e6 (8... c5 $11) 9. Qd2 Ne7 $146 ({Black should try} 9... Ngf6 $14) ({Vorgänger:} 9... c5 10. bxc5 dxc5 11. dxc5 b4 12. Ne2 Bxa1 13. Rxa1 a5 14. Bb5 Ba6 15. Ba4 Qc7 16. Bf4 Qa7 17. Ne5 Ngf6 18. Qd6 Bxe2 19. Nxd7 {1-0 (19) Mantl,K (1895)-Schramm,L (1788) ICCF email 2012}) 10. Rac1 (10. a4 $16) 10... O-O 11. Bh6 ({Better is} 11. a4 $14) 11... c5 12. Bxg7 Kxg7 13. dxc5 dxc5 14. Qe3 Qc7 15. Nd2 cxb4 16. Qd4+ Kg8 17. Qxb4 Nc6 18. Qb2 Rad8 19. f4 Nc5 20. Qb1 Qa5 21. Qb2 Rxd3 22. cxd3 Nxd3 23. Qb1 Qb6+ $19 24. Kh1 Nxc1 25. Rxc1 Qe3 26. Qb2 Qxf4 27. Rf1 Qe5 28. Nf3 Qg7 0-1

[Event "Satka Autumn 2018"]
[Site "Satka"]
[Date "2018.09.13"]
[Round "3"]
[White "Lapteva, Yulia"]
[Black "Mirgalina, Anna"]
[Result "0-1"]
[ECO "E18"]
[WhiteElo "1074"]
[BlackElo "1339"]
[Annotator "NA"]
[PlyCount "96"]
[EventDate "2018.09.11"]
[EventType "swiss"]
[EventCountry "RUS"]
[SourceTitle "playchess.com"]
[Source "ChessBase"]
[SourceQuality "1"]
[TimeControl "40/5400+30:1800+30"]

1. d4 Nf6 2. Nf3 e6 3. g3 b6 4. Bg2 Bb7 5. O-O Be7 6. c4 O-O 7. Nc3 d5 8. cxd5 Nxd5 9. Nxd5 Bxd5 10. Re1 Bb7 11. Bf4 h6 12. Rc1 Bd6 13. Ne5 Bxg2 14. Kxg2 Qe7 15. e4 c5 16. d5 Qc7 17. Qh5 Nd7 18. Nxd7 Qxd7 19. e5 Be7 20. d6 Bd8 21. Qg4 f5 22. exf6 Rxf6 23. Be5 Rf8 24. Bf4 Bf6 25. Rc2 Rae8 26. Rd2 Bd4 27. Be5 Bxe5 28. Rxe5 Rf5 29. Qe2 Qf7 30. d7 Rd8 31. Rxe6 Rxd7 32. Rxd7 Qxd7 33. a3 Qb7+ 34. Kg1 Qf3 35. Qxf3 Rxf3 36. Re3 Rxe3 37. fxe3 Kf7 38. Kf2 Ke6 39. e4 Ke5 40. Ke3 h5 41. h4 c4 42. Kf3 b5 43. Ke3 a6 44. Kf3 a5 45. Ke3 a4 46. Kf3 b4 47. Ke3 c3 48. bxc3 bxa3 0-1

[Event "Satka Autumn 2018"]
[Site "Satka"]
[Date "2018.09.15"]
[Round "5"]
[White "Voit, Daria"]
[Black "Mironenko, Galina"]
[Result "1/2-1/2"]
[ECO "A05"]
[WhiteElo "2369"]
[BlackElo "2021"]
[Annotator "NA"]
[PlyCount "80"]
[EventDate "2018.09.11"]
[EventType "swiss"]
[EventCountry "RUS"]
[SourceTitle "playchess.com"]
[Source "ChessBase"]
[SourceQuality "1"]
[TimeControl "40/5400+30:1800+30"]

1. Nf3 Nf6 2. c4 e6 3. g3 Be7 4. Bg2 O-O 5. d4 d5 6. O-O b6 7. Nc3 Bb7 8. Ne5 Na6 9. b3 c5 10. Bb2 Ne4 {[%emt 0:08:06] E18: Damenindisch (Hauptfortsetzung)} 11. cxd5 exd5 12. Nb5 $146 ({Vorgänger:} 12. Nxe4 dxe4 13. Qb1 cxd4 14. Bxe4 Bxe4 15. Qxe4 Bf6 16. Ng4 Re8 17. Qf3 Nc5 18. Rfd1 h5 19. Nxf6+ Qxf6 20. Qxf6 gxf6 {1-0 (30) Saric,A (2538)-Veres,A (2255) Split 2017}) 12... Qc8 13. Rc1 Qe6 14. dxc5 bxc5 15. Nd3 Rfd8 16. Nc3 Bg5 17. Ra1 c4 18. Ne1 Bd2 19. Nxe4 dxe4 20. bxc4 Qxc4 {[%emt 0:03:37] [#]} 21. Qb3 (21. Nd3 $1 $11 exd3 22. exd3 Rxd3 23. Bxb7) 21... Qxb3 22. axb3 Nb4 23. f3 (23. Rd1 $142) 23... Nd5 24. Nc2 Rac8 25. Nd4 Ne3 26. Bh3 (26. Rfb1 $17) 26... Rc7 $19 ({Don't take} 26... Nxf1 27. Bxc8 Bxc8 28. Kxf1 $17) 27. Rfb1 Nc2 28. Nxc2 Rxc2 29. fxe4 Bxe4 30. Kf1 Rc7 31. Rd1 Bc2 32. Rac1 Bxd1 33. Rxc7 Bxb3 34. Rxa7 Be3 35. Rd7 Rxd7 36. Bxd7 Bd5 37. Bg4 f6 38. Bf3 Bxf3 39. exf3 Kf7 40. Ke2 Bg1 1/2-1/2

[Event "Satka Autumn 2018"]
[Site "Satka"]
[Date "2018.09.15"]
[Round "5"]
[White "Charochkina, Daria"]
[Black "Schepetkova, Margarita"]
[Result "1-0"]
[ECO "B12"]
[WhiteElo "2336"]
[BlackElo "2238"]
[Annotator "ChessBase"]
[PlyCount "107"]
[EventDate "2018.09.11"]
[EventType "swiss"]
[EventCountry "RUS"]
[SourceTitle "playchess.com"]
[Source "ChessBase"]
[SourceQuality "1"]
[TimeControl "40/5400+30:1800+30"]

1. e4 c6 2. d4 d5 3. e5 c5 4. dxc5 e6 5. a3 Nc6 6. Nf3 Bxc5 7. b4 Bb6 8. Bb2 f6 9. Bd3 fxe5 10. O-O Nf6 11. Nxe5 O-O 12. Nd2 Nxe5 13. Bxe5 Bd7 14. Qe2 a5 15. b5 Qe7 16. h3 Be8 17. c4 Bh5 18. g4 Bg6 19. Bxg6 hxg6 20. Qd3 Kh7 21. Rae1 Rad8 22. Qg3 Ne4 23. Nxe4 dxe4 24. Rxe4 Rd2 25. Rf4 Rxf4 26. Bxf4 Rd4 27. Rc1 Qd7 28. Be3 Rd1+ 29. Rxd1 Qxd1+ 30. Kg2 Bxe3 31. Qxe3 a4 32. Qxe6 Qd3 33. Qe7 Qxc4 34. Qxb7 Qb3 35. b6 Qxa3 36. Qc7 Qd3 37. b7 Qe4+ 38. Kg3 Qd3+ 39. f3 Qd4 40. b8=Q Qg1+ 41. Kh4 Qe1+ 42. Qg3 Qe7+ 43. g5 a3 44. Qb3 Qa7 45. Qa2 Qd4+ 46. f4 Qd1 47. Qgxa3 Qe1+ 48. Kg4 Qd1+ 49. Kg3 Qg1+ 50. Qg2 Qe1+ 51. Kh2 Qe8 52. Qf2 Qb8 53. Qh4+ Kg8 54. Qa2+ 1-0

[Event "Satka Autumn 2018"]
[Site "Satka"]
[Date "2018.09.15"]
[Round "5"]
[White "Nosacheva, Mariya"]
[Black "Makarenko, Alexandra"]
[Result "1-0"]
[ECO "C78"]
[WhiteElo "2073"]
[BlackElo "2247"]
[Annotator "NA"]
[PlyCount "79"]
[EventDate "2018.09.11"]
[EventType "swiss"]
[EventCountry "RUS"]
[SourceTitle "playchess.com"]
[Source "ChessBase"]
[SourceQuality "1"]
[TimeControl "40/5400+30:1800+30"]

1. e4 e5 2. Nf3 Nc6 3. Bb5 a6 4. Ba4 Nf6 5. O-O b5 6. Bb3 Bb7 7. d3 Be7 8. a4 O-O 9. Nc3 b4 10. Nd5 Na5 11. Nxe7+ {[%emt 0:00:55] C84: Closed Ruy Lopez: Unusual White 6th moves} (11. Ba2 b3 12. Nxe7+ Qxe7 13. cxb3 Nc6 14. Bd2 a5 15. Rc1 d6 16. Bc3 Nb4 17. Bb1 c5 18. Nh4 g6 19. f4 {1-0 (44) Klein,D (2501)-Lenic,L (2662) chess.com INT 2018}) 11... Qxe7 12. Ba2 d5 13. exd5 Qd6 14. Bd2 Bxd5 $146 ({Predecessor:} 14... Nxd5 15. Qe1 Rfe8 16. Bxd5 Qxd5 17. Bxb4 Nc6 18. Qd2 Re6 {1-0 (39) Priborsky,J (2331)-Zvara,P (2364) Bayern 2013}) 15. Bxd5 Nxd5 16. Re1 Rae8 17. c3 c5 18. cxb4 Nxb4 19. Bxb4 cxb4 20. Rc1 f6 21. Qe2 Rc8 (21... Nb3 $15 22. Rc4 Nc5) 22. Rxc8 Rxc8 {[%emt 0:01:14] [#]} 23. d4 $1 exd4 24. Nxd4 Qe5 25. Qd1 Qd5 $1 26. Qg4 Rc4 $1 27. h3 ({Don't blunder} 27. Re8+ $2 Kf7 $19) 27... g6 $1 ({Avoid the trap} 27... Rxd4 $2 28. Qc8+ Qd8 29. Re8+ Kf7 30. Rxd8 $18) 28. Re8+ Kf7 29. Qe2 $1 ({Nicht} 29. Re4 $2 Nc6 $19) 29... Qd7 $2 {[%emt 0:00:52] [#]} (29... Qd6 $15 30. Nf3 Rc1+ 31. Ne1 Nc6) 30. Rh8 $1 Kg7 {[%emt 0:00:58] [#]} 31. Rd8 $3 Rc1+ $18 32. Kh2 Qc7+ 33. g3 Qe5 34. Rd7+ Kh6 35. Qd2+ Qg5 36. f4 Qc5 37. f5+ g5 38. Qe2 Nb3 39. Qh5+ Kxh5 40. Rxh7# 1-0